Map: Last Fantasy LE

Players

Sundown

  • Race: Zerg Zerg
  • League: Platinum
  • Spawn Location: 7:00

SubN - Winner!

  • Race: Zerg Zerg
  • League: Diamond
  • Spawn Location: 3:00

VOD

Have the link to the VOD?

Description

Time

  • Played on: July 30, 2025, 10:05 p.m.
  • Length: 3:37
Show
View Real Time Build Order
Export as new Build Order

Sundown Zerg 

Build Orders: Pool First 

Get SALT Encoding   

  12  0:00  Drone  
  13  0:12  Overlord  
  13  0:16  Drone  
  14  0:22  Drone, Extractor  
  15  0:32  Drone  
  16  0:36  Drone  
  17  0:45  Drone  
  18  0:50  Spawning Pool  
  18  0:55  Drone  
  18  1:06  Drone  
  18  1:07  Extractor  
  18  1:20  Hatchery  
  18  1:21  Drone  
  18  1:31  Drone  
  19  1:42  Zergling x2  
  19  1:46  Queen  
  22  1:49  Overlord  
  22  2:07  Drone  
  23  2:09  Metabolic Boost  
  23  2:11  Drone  
  24  2:21  Drone  
  25  2:32  Drone x2  
  25  2:33  Queen  
  28  2:49  Overlord  
  28  2:53  Roach Warren  
  28  2:54  Zergling x2  
  28  3:00  Extractor  
  28  3:04  Zergling x2  
  24  3:18  Zergling x2  
Show
View Real Time Build Order
Export as new Build Order

SubN Zerg - Winner!

Build Orders: Pool First 

Get SALT Encoding   

  12  0:00  Drone  
  13  0:08  Drone  
  13  0:11  Extractor  
  13  0:29  Spawning Pool  
  12  0:58  Hatchery  
  11  1:16  Queen  
  13  1:27  Metabolic Boost  
  13  1:38  Overlord  
  14  1:47  Zergling x2  
  14  1:56  Zergling x4  
  16  2:03  Zergling x2  
  17  2:12  Zergling x4  
  19  2:35  Zergling x2  
  19  2:36  Zergling x10  
  25  2:47  Zergling x4  
  27  2:51  Zergling x2  
  28  3:12  Zergling x2  
Tags
 
Add a new tag
Caveats
  • Supply blocks, unpowered buildings, or Contaminate may cause inaccurate times.
  • Supply counts are checked every 10 seconds.